 Dungeon Crawl Stone Soup version 0.23-a0-413-g57a8110 (webtiles) character file.

28 JeffiDaFish the Sneak (level 3, -2/16 HPs)
             Began as a Spriggan Enchanter on Nov 8, 2018.
             Slain by a wyvern zombie (4 damage)
             ... on level 2 of the Dungeon.
             The game lasted 00:02:53 (974 turns).

JeffiDaFish the Sneak (Spriggan Enchanter)           Turns: 974, Time: 00:02:54

Health: -2/16      AC:  2    Str:  4    XL:     3   Next: 0%
Magic:  8/8        EV: 19    Int: 17    God:
Gold:   34         SH:  0    Dex: 16    Spells: 5/8 levels left

rFire    . . .     SeeInvis +   a - +1 dagger
rCold    . . .     Gourm    .   (shield restricted)
rNeg     . . .     Faith    .   b - +0 robe
rPois    .         Spirit   .   (helmet restricted)
rElec    .         Reflect  .   (no cloak)
rCorr    .         Harm     .   (gloves unavailable)
MR       .....                  (boots unavailable)
Stlth    +++.......             (no amulet)
HPRegen  0.05/turn              (no ring)
MPRegen  0.11/turn              (no ring)

@: very quick
A: very small, unfitting armour, see invisible, herbivore, speed 3, slow
metabolism 2
a: no special abilities


You were on level 2 of the Dungeon.
You were not hungry.

You visited 1 branch of the dungeon, and saw 2 of its levels.

You collected 34 gold pieces.

Inventory:

Hand Weapons
 a - a +1 dagger (weapon)
Armour
 b - a +0 robe (worn)
Jewellery
 c - a +3 ring of strength {unknown}
 e - an uncursed ring of magical power
Potions
 f - a potion of heal wounds
Comestibles
 d - 3 rations


   Skills:
 + Level 1.6 Short Blades
 + Level 3.4 Dodging
 + Level 4.8 Stealth
 + Level 3.0 Spellcasting
 * Level 4.1 Hexes


You had 5 spell levels left.
You knew the following spells:

 Your Spells              Type           Power        Failure   Level  Hunger
a - Corona                Hex            ###....      3%          1    None
b - Ensorcelled Hibernat  Hex/Ice        #.....       11%         2    ##.....

Your spell library contained the following spells:

 Spells                   Type           Power        Failure   Level  Hunger
 Confuse                  Hex            ###.....     10%         3    ###....
 Tukima's Dance           Hex            ###.....     10%         3    ###....
 Dazzling Spray           Conj/Hex       #.....       22%         3    ###....


Dungeon Overview and Level Annotations

Branches:
Dungeon (2/15)

Altars:
Okawaru


Innate Abilities, Weirdness & Mutations

You are very small and have problems with some larger weapons.
You are too small for most types of armour.
You have supernaturally acute eyesight. (SInv)
You are a herbivore.
You cover ground extremely quickly.
You need to consume almost no food.


Message History

The wyvern zombie is lightly damaged.
The wyvern zombie bites you!
Ouch! That really hurt!
* * * LOW HITPOINT WARNING * * *
You completely miss the wyvern zombie.
The wyvern zombie is lightly damaged.
The wyvern zombie misses you. The wyvern zombie closely misses you.
You hit the wyvern zombie.
The wyvern zombie is lightly damaged.
The wyvern zombie closely misses you.
You hit the wyvern zombie but do no damage.
The wyvern zombie is lightly damaged.
The wyvern zombie misses you.
You hit the wyvern zombie but do no damage.
The wyvern zombie is lightly damaged.
The wyvern zombie barely misses you.
You hit the wyvern zombie but do no damage.
The wyvern zombie is lightly damaged.
The wyvern zombie stops glowing.
The wyvern zombie bites you.
You die...

#<##...#
#.##.#.#######
#..._........#
####.#.#####.#
#...# #.#
##### #.# #.#
##########.#
......Z@...#
#######..###
#..# #..# #%.#
#..# #..# #...


You could see a wyvern zombie.

Vanquished Creatures
  2 leopard geckos (D:1)
  A giant cockroach (D:1)
  4 goblins (D:1)
  6 hobgoblins (D:1)
  3 kobolds (D:1)
  3 bats (D:1)
  2 frilled lizards (D:1)
  4 rats (D:1)
25 creatures vanquished.

Notes
Turn   | Place    | Note
-------+----------+-------------------------------------------
     0 | D:1      | JeffiDaFish the Spriggan Enchanter began the quest for the
                  | Orb.
     0 | D:1      | Reached XP level 1. HP: 9/9 MP: 5/5
   184 | D:1      | Reached XP level 2. HP: 8/13 MP: 6/6
   565 | D:1      | Learned a level 2 spell: Ensorcelled Hibernation
   899 | D:1      | Reached XP level 3. HP: 16/16 MP: 8/8
   946 | D:2      | Found an iron altar of Okawaru.
   974 | D:2      | Slain by a wyvern zombie

Vault maps used:
D:1:      minmay_arrival_diagonal_passages, minmay_pentomino_w2
D:2:      lemuel_crystal_altar, kennysheep_generic_room_10

Skill      XL: |  1  2 |
---------------+-------+-----
Spellcasting   | 3 |  3.0
Hexes          | 4 |  4.1
Short Blades   | |  1.6
Dodging        | |  3.4
Stealth        | |  4.8

Action                   || total
-------------------------++-------
Melee: Dagger            ||   111
 Cast: Corona            ||    16
  Use: Potion            ||     3
       Scroll            ||     1
 Stab: Sleeping          ||     5
Armor: Robe              ||    10
Dodge: Dodged            ||   100

Table legend:
 A = Non-vault XP
 B = Vault XP
 C = Vault XP percentage of total XP
 D = Non-vault monster count
 E = Vault monster count
 F = Vault count percentage of total count
                 A         B        C        D         E       F
            +---------+---------+-------+---------+---------+-------
      Total |      39 |       2 |   4.9 |      24 |       1 |   4.0
            +---------+---------+-------+---------+---------+-------
        D:1 |      39 |       2 |   4.9 |      24 |       1 |   4.0
            +---------+---------+-------+---------+---------+-------
